 Dungeon Crawl Stone Soup version 0.18.1-48-g4cf74bf (webtiles) character file.

181 MistressOfTheDunes the Insei (level 5, -5/41 HPs)
             Began as a Mummy Monk on July 20, 2016.
             Slain by an orc
             ... wielding a +0 flail
              (8 damage)
             ... on level 2 of the Dungeon.
             The game lasted 00:03:02 (4100 turns).

MistressOfTheDunes the Insei (Mummy Monk)           Turns: 4100, Time: 00:03:03

Health: -5/41      AC:  0    Str: 14    XL:     5   Next: 34%
Magic:  5/5        EV: 13    Int: 10    God:
Gold:   117        SH:  0    Dex: 15    Spells: 0 memorised, 4 levels left

rFire  x . .     SeeInvis .       - Unarmed
rCold  + . .     Gourm    .     (no armour)
rNeg   + + +     Faith    .     (no shield)
rPois  ∞         Spirit   .     (no helmet)
rElec  .         Dismiss  .     (no cloak)
rCorr  .         Reflect  .     (no gloves)
SustAt .         Harm     .     (no boots)
MR     .....                    (no amulet)
Stlth  ++........               (no ring)
                                (no ring)

@: not resistant to hostile enchantments, unstealthy
A: no food or potions, fire vulnerability, cold resistance 1, negative energy
resistance 3, torment resistance, unbreathing
a: no special abilities


You were on level 2 of the Dungeon.
You were not hungry.

You visited 1 branch of the dungeon, and saw 4 of its levels.

You collected 117 gold pieces.


Innate Abilities, Weirdness & Mutations

You do not eat or drink.
Your flesh is vulnerable to fire.
You are immune to poison.
Your flesh is cold resistant.
You are immune to negative energy.
You are immune to unholy pain and torment.
You can survive without breathing.


   Skills:
 - Level 3.0 Fighting
 + Level 3.3 Dodging
 - Level 1.5 Stealth
 - Level 5.0 Unarmed Combat


You had 4 spell levels left.
You didn't know any spells.

Inventory:

Jewellery
 h - a cursed ring of loudness {unknown}
Scrolls
 a - 3 scrolls of remove curse {unknown}
 b - a scroll of fog {unknown}
 c - a scroll of fear {unknown}
 d - a scroll of teleportation {unknown}
 e - a scroll of identify {unknown}
 f - a scroll of enchant armour {unknown}
 g - a scroll of enchant weapon {unknown}
 i - a scroll of blinking {unknown}

Dungeon Overview and Level Annotations

Branches:
Dungeon (4/15)
 Temple: D:4-7

Altars:
Ru
Trog
Yredelemnul

Annotations:
D:3 exclusion: orc priest, Lucio's ghost, weakling TrBe; Natasha

▒▒▒.▒ ▒.....▒ ....▒▒▒▒▒▒
▒.▒▒▒.▒ ▒▒.......▒ ▒.▒
▒.▒ ▒▒......▒ ▒.▒
▒.▒▒▒▒▒▒▒▒▒
▒▒▒▒.....▒▒▒▒▒.▒
▒.........▒
.......!.......▒
▒▒▒▒▒▒▒▒▒.▒▒▒▒▒▒
▒▒▒▒.....▒▒▒▒▒.▒
▒......... ▒▒....▒
▒.▒▒▒▒▒▒▒▒▒.▒.▒▒▒▒▒▒
▒▒.▒.▒▒▒▒▒.gMo)......▒.▒
▒.▒.......▒▒▒▒▒▒▒▒▒▒▒.▒
▒.▒▒▒▒▒▒▒▒▒ ▒.▒
▒▒▒▒▒▒.▒▒▒▒▒▒ ▒▒.▒
............▒ ▒..▒
..▒▒▒.▒▒▒▒▒.▒ ▒.▒▒ ..▒
▒.▒ ▒.▒ ▒.▒ ..▒▒▒.▒ ▒.▒
▒.▒ ..▒▒..▒▒▒▒▒.▒▒▒▒ ▒.▒


You could see an orc and a hobgoblin.


Message History

You see here a hand axe!
You pulverise the kobold but do no damage!
The kobold barely misses you!
You pummel the kobold like a punching bag!
You annihilate the kobold!!!
You barely miss the kobold! The kobold misses you!
You pulverise the kobold!
You annihilate the kobold!!!
Items here: ( )) † a whip; a club; 3 stones; a rat corpse
There is a stone staircase leading down here!
You start resting!
HP restored!
There is a stone staircase leading down here!
You climb downwards!
Level annotation: exclusion: orc priest, Lucio's ghost, weakling TrBe; Natasha The hobgoblin closely misses you!
The orc hits you with a flail!!!
There is a stone staircase leading up here!
The hobgoblin hits you!
The orc hits you with a flail! * * * don't die
* * * You climb upwards!
There is a stone staircase leading down here!
You pummel the orc but do no damage! The hobgoblin hits you! * * * don't die
* * * The orc hits you with a flail!!! * * * don't die
* * * You barely miss the orc!
The hobgoblin hits you! * * * don't die
* * * You beat the orc but do no damage!
The orc hits you with a flail!!! rip

Action                   |  1- 3 |  4- 6 || total
-------------------------+-------+-------++-------
Melee: Unarmed           |    99 |    90 ||   189
       Punch             |     1 |     1 ||     2
 Stab: Sleeping          |     3 |       ||     3
Dodge: Dodged            |    60 |    46 ||   106

Vault maps used:
D:1:      scummos_arrival_checkerplants
D:2:      lemuel_round_altar, minivault_27, trog_book
D:3:      minmay_goblin_kobold_castle, minivault_25,
          hangedman_decor_peaks_small, nicolae_ru_path_of_blood, uniq_natasha,
          uniq_grinder
D:4:      fedhas_altar_3

Notes
Turn   | Place    | Note
--------------------------------------------------------------
     0 | D:1      | MistressOfTheDunes the Mummy Monk began the quest for the Orb.
     0 | D:1      | Reached XP level 1. HP: 18/18 MP: 1/1
    81 | D:1      | Reached XP level 2. HP: 24/24 MP: 2/2
   338 | D:2      | Reached skill level 4 in Unarmed Combat
   667 | D:2      | Reached XP level 3. HP: 11/29 MP: 3/3
  1216 | D:2      | Found a bloodstained altar of Trog.
  1301 | D:2      | Found a basalt altar of Yredelemnul.
  1772 | D:3      | Reached XP level 4. HP: 18/35 MP: 4/4
  2044 | D:3      | Found a sacrificial altar of Ru.
  2068 | D:3      | Noticed Lucio's ghost (weakling TrBe)
  2314 | D:3      | Noticed Natasha
  2603 | D:2      | Reached skill level 5 in Unarmed Combat
  2992 | D:3      | Killed Natasha
  3220 | D:3      | Reached XP level 5. HP: 41/41 MP: 5/5
  3238 | D:3      | Noticed Natasha
  3256 | D:3      | Killed Natasha
  3256 | D:3      | Reached skill level 3 in Dodging
  3792 | D:3      | Noticed Natasha
  4099 | D:2      | HP: 3/41 [hobgoblin (2)]
  4100 | D:2      | Slain by an orc

Vanquished Creatures
  An orc priest (D:2)
  Natasha (twice) (D:3)
  5 adders
  2 worms
  A dart slug (D:1)
  4 orcs
  A giant cockroach (D:2)
  8 goblins
  7 hobgoblins
  4 jackals
  A quokka (D:3)
  2 bats
  7 kobolds
  3 rats
48 creatures vanquished.
